 Dungeon Crawl Stone Soup version 0.31.0-9-g3a7656b989 (webtiles) character file.

Game seed: 3883869747194513190

51 qw the Shooter (level 3, 0/20 HPs)
             Began as a Deep Elf Hunter on Feb 3, 2024.
             Slain by an iguana (11 damage)
             ... on level 2 of the Dungeon.
             The game lasted 00:00:04 (1861 turns).

qw the Shooter (Deep Elf Hunter)                    Turns: 1861, Time: 00:00:05

Health: 0/20       AC:  3    Str: 10    XL:     3   Next: 57%
Magic:  5/5        EV: 12    Int: 13    God:
Gold:   81         SH:  0    Dex: 18    Spells: 2/2 levels left

rFire   . . .        a - +0 shortbow
rCold   . . .        (shield currently unavailable)
rNeg    . . .        c - +0 leather armour
rPois   +            (no helmet)
rElec   .            (no cloak)
rCorr   +            (no gloves)
SInv    .            (no boots)
Will    .....        i - amulet of the acrobat
Stlth   ++           e - ring of poison resistance
HPRegen 0.23/turn    j - ring of resist corrosion
MPRegen 0.09/turn

%: acrobat
@: no status effects
A: no striking features
a: no special abilities


You were on level 2 of the Dungeon.
You visited 1 branch of the dungeon, and saw 3 of its levels.

You collected 81 gold pieces.


   Skills:
 - Level 1.5 Fighting
 + Level 7.1 Ranged Weapons
 - Level 2.4 Dodging
 - Level 1.2 Stealth


You had 2 spell levels left.
You didn't know any spells.
Your spell library was empty.

Inventory:

Hand Weapons
 a - a +0 shortbow (weapon)
Armour
 c - a +0 leather armour (worn)
Jewellery
 e - a ring of poison resistance (left hand)
 f - a ring of ice
 i - an amulet of the acrobat (around neck)
 j - a ring of resist corrosion (right hand)
Potions
 b - a potion of magic {unknown}
 g - 3 potions of curing
 h - a potion of heal wounds {unknown}

Dungeon Overview and Level Annotations

Branches:
Dungeon (3/15)

Altars:
Vehumet


Message History

Your hearing returns.
Done waiting.
Done exploring.
What level of the Dungeon? (default 2, ? - help)
There is a stone staircase leading up here.
There is a stone staircase leading down here.
You climb downwards.
Found a potion of curing.
Found a stone staircase leading down.
There is a stone staircase leading up here.
There are monsters nearby!
Waypoint 2 assigned to D:3.
1852 ||| STAIRDANCE The iguana hisses angrily.
You climb upwards.
There is a stone staircase leading down here.
You climb downwards.
There is a stone staircase leading up here.
1856 ||| STAIRDANCE The ball python hisses angrily.
The ball python misses you. The ball python grabs you.
You stop ascending the stairs.
The ball python constricts you.
You shoot an arrow.
The arrow closely misses the ball python.
The ball python barely misses you. The ball python constricts you.
The iguana bites you.
The ball python bites you but does no damage.
The ball python constricts you.
You shoot an arrow. The arrow hits the ball python!
You kill the ball python!
The bat misses you. The iguana bites you!
Ouch! That really hurt!
1859 ||| STAIRDANCE The bat hits you but does no damage.
The iguana misses you.
You climb upwards.
There is a stone staircase leading down here.
You shoot an arrow. The arrow hits the iguana.
The iguana is moderately wounded.
The iguana completely misses you. The iguana bites you!
Ouch! That really hurt!
You die...

#.# #.#.###.####.#
#. #.# #.#.# #.# #.#
#. #.# #.#.# #.# #.#
#. #.# #.#># #.# #.#
#. #.# #.#.# #.# #.#
#. #.# #.#.###.# #.#
#. #.#
#.#.....####.# #.
#.# #............#
#. ..#
#########.@#########
#. ### #.....<..l.#
#. ### #.########.#
#. ..# #.# #.# #.
#.# #.# #.# #. #.##
#.# ###.### #.
#..####.# #.....#
###########.
#.#.....#
#.###.###.....%.....
.###.#### #.#
#.....##########


You could see an iguana.

Vanquished Creatures
  An adder (D:2)
  A ribbon worm (D:2)
  5 ball pythons
  5 endoplasms
  A giant cockroach (D:1)
  5 goblins
  4 hobgoblins
  A kobold (D:1)
  A quokka (D:1)
  6 bats
  A frilled lizard (D:1)
  4 rats
35 creatures vanquished.

Notes
Turn   | Place    | Note
-------+----------+-------------------------------------------
     0 | D:1      | qw the Deep Elf Hunter began the quest for the Orb.
     0 | D:1      | Reached XP level 1. HP: 12/12 MP: 3/3
     0 | D:1      | 0 ||| qw: Version: 0.3-a-155-g5e7d8dd
     0 | D:1      | 0 ||| qw: Game counter: 2953
     0 | D:1      | 0 ||| qw: Melee chars always use a shield: true
     0 | D:1      | 0 ||| qw: God list: Okawaru
     0 | D:1      | 0 ||| qw: Allow faded altars: false
     0 | D:1      | 0 ||| qw: Do Orc after clearing Dungeon:15 true
     0 | D:1      | 0 ||| qw: Do second Lair branch before Depths: true
     0 | D:1      | 0 ||| qw: Lair rune preference: random
     0 | D:1      | 0 ||| qw: Goals: Normal
     0 | D:1      | 0 ||| PLANNING D:1-11
   335 | D:1      | Reached skill level 6 in Ranged Weapons
   335 | D:1      | Reached XP level 2. HP: 16/16 MP: 4/4
   356 | D:1      | HP: 4/16 [hobgoblin (3)]
   769 | D:1      | Found a faded altar of an unknown god.
  1037 | D:1      | 1037 ||| UPGRADING to amulet of the acrobat.
  1042 | D:1      | 1042 ||| UPGRADING to ring of poison resistance.
  1043 | D:1      | 1043 ||| UPGRADING to ring of resist corrosion.
  1044 | D:1      | 1044 ||| READING scroll labelled OQOAJYUBEST.
  1045 | D:1      | 1045 ||| READING scroll labelled USEUQEHIKHLY.
  1046 | D:1      | 1046 ||| DRINKING 2 glowing cyan potions.
  1047 | D:1      | 1047 ||| DROPPING scroll of butterflies.
  1116 | D:2      | Reached XP level 3. HP: 17/20 MP: 5/5
  1192 | D:2      | Found a radiant altar of Vehumet.
  1388 | D:2      | Reached skill level 7 in Ranged Weapons
  1720 | D:2      | 1720 ||| READING scroll labelled MEJ SUCRAPN.
  1852 | D:3      | 1852 ||| STAIRDANCE
  1856 | D:3      | 1856 ||| STAIRDANCE
  1859 | D:3      | 1859 ||| STAIRDANCE
  1861 | D:2      | Slain by an iguana

Levels and vault maps discovered:
D:1:      evilmike_arrival_rings, layout_basic, ebering_ecumenical_altar_box
D:2:      layout_loops_ring, basic_altar
D:3:      layout_basic, mainiacjoe_overflow_alcove_4,
          gammafunk_temple_overflow_elements, uniq_grinder, uniq_jessica

Skill      XL: |  1  2  3 |
---------------+----------+-----
Ranged Weapons | 6 7 |  7.1
Fighting       | |  1.5
Dodging        | |  2.4
Stealth        | |  1.2

Action                     || total
---------------------------++-------
   Fire: Shortbow          ||    79
    Use: Scroll            ||     3
         Potion            ||     1
 Armour: Leather armour    ||    21
  Dodge: Dodged            ||    30

Table legend:
 A = Non-vault XP
 B = Vault XP
 C = Vault XP percentage of total XP
 D = Non-vault monster count
 E = Vault monster count
 F = Vault count percentage of total count
                 A         B        C        D         E       F
            +---------+---------+-------+---------+---------+-------
      Total |      73 |       0 |   0.0 |      35 |       0 |   0.0
            +---------+---------+-------+---------+---------+-------
        D:1 |      36 |       0 |   0.0 |      22 |       0 |   0.0
        D:2 |      36 |       0 |   0.0 |      12 |       0 |   0.0
        D:3 |       1 |       0 |   0.0 |       1 |       0 |   0.0
            +---------+---------+-------+---------+---------+-------
